 Dungeon Crawl Stone Soup version 0.21.1-1-g345015f (webtiles) character file.

38 prawnwizard the Insei (level 3, 0/23 HPs)
             Began as an Octopode Transmuter on July 22, 2018.
             Slain by a small abomination (14 damage)
             ... on level 1 of the Abyss.
             The game lasted 00:02:15 (1232 turns).

prawnwizard the Insei (Octopode Transmuter)         Turns: 1232, Time: 00:02:16

Health: 0/23       AC:  1    Str:  9    XL:     3   Next: 43%
Magic:  6/6        EV: 14    Int: 15    God:
Gold:   24         SH:  0    Dex: 13    Spells: 5/6 levels left

rFire    . . .     SeeInvis .     - Unarmed
rCold    . . .     Gourm    .   (no shield)
rNeg     . . .     Faith    .   (helmet restricted)
rPois    .         Spirit   .   (no amulet)
rElec    .         Reflect  .   (no ring)
rCorr    .         Harm     .   (no ring)
MR       .....                  (no ring)
Stlth    ++........             (no ring)
HPRegen  0.07/turn              (no ring)
MPRegen  0.10/turn              (no ring)
                                (no ring)
                                (no ring)

@: no status effects
A: almost no armour, stealthy swim, amphibious, 8 rings, constrict 8, camouflage
1, gelatinous body 1
a: no special abilities


You were on level 1 of the Abyss.
You were very hungry.

You visited 1 branch of the dungeon, and saw 2 of its levels.
You visited the Abyss 1 time.

You collected 24 gold pieces.

Inventory:

Missiles
 a - 20 arrows
Scrolls
 e - a scroll of blinking {unknown}
 g - 2 scrolls of teleportation {unknown}
 h - 2 scrolls of random uselessness {unknown}
 i - a scroll of enchant armour {unknown}
 k - a scroll of identify {unknown}
 l - a scroll of amnesia {unknown}
Potions
 f - a potion of heal wounds {unknown}
 j - a potion of curing {unknown}
Books
 b - a book of Changes

   Spells                             Type                      Level
   a - Beastly Appendage              Transmutation                1
   b - Sticks to Snakes               Transmutation                2
   c - Spider Form                    Transmutation/Poison         3
   d - Ice Form                       Ice/Transmutation            4
   e - Blade Hands                    Transmutation                5
Comestibles
 c - 2 rations


   Skills:
 - Level 1.0 Fighting
 + Level 2.4 Dodging
 * Level 3.6 Unarmed Combat
 + Level 2.3 Spellcasting
 + Level 2.4 Transmutations


You had 5 spell levels left.
You knew the following spells:

 Your Spells              Type           Power        Failure   Level  Hunger
a - Beastly Appendage     Tmut           #.....       8%          1    #......


Dungeon Overview and Level Annotations

Branches:
Dungeon (2/15)

Altars:

Annotations:
D:2 Terence


Innate Abilities, Weirdness & Mutations

You cannot wear most types of armour.
You are very stealthy in the water. (Stealth+)
You are amphibious.
You can wear up to eight rings at the same time.
You can use your tentacles to constrict eight enemies at once.
Your skin changes colour to match your surroundings (Stealth+).
Your rubbery body absorbs attacks. (AC +1, EV +1)


Message History

Magic restored.
You start resting.
Your transformation is almost over.
You start resting.
Your tentacle spike disappears.
You start resting.
You are feeling hungry.
You start resting.
A sixfirhy comes into view.
There is a sacrificial altar of Ru here.
Found a corrupted altar of Lugonu.
You start resting.
A small abomination comes into view.
You are feeling very hungry.
The small abomination misses you. The small abomination hits you.
Found a scroll labeled DUGGOY EHOG.
The small abomination hits you!
Ouch! That really hurt!
You die...

#.# ..# #.#.#
#.#.# #.#.#
.######.#.####.
....3..........
.......@...#
.......x..##
.######...####
##
.............#
?######...#####
# #..........
#.##...#####.
####...# #...#
#


You could see a sixfirhy (wandering) and a small abomination.

Vanquished Creatures
  3 dart slugs (D:1)
  A leopard gecko (D:1)
  A bat (D:1)
  3 giant cockroaches
  4 goblins (D:1)
  A hobgoblin (D:1)
  A jackal (D:1)
  4 frilled lizards
  9 kobolds (D:1)
  5 rats (D:1)
32 creatures vanquished.

Notes
Turn   | Place    | Note
-------+----------+-------------------------------------------
     0 | D:1      | prawnwizard the Octopode Transmuter began the quest for the Orb.
     0 | D:1      | Reached XP level 1. HP: 13/13 MP: 3/3
    63 | D:1      | Reached XP level 2. HP: 7/18 MP: 5/5
   367 | D:1      | Reached XP level 3. HP: 15/23 MP: 6/6
  1010 | D:2      | Noticed Terence
  1029 | D:2      | Cast into level 1 of the Abyss (Terence)
  1034 | Abyss:1  | Found a sacrificial altar of Ru.
  1107 | Abyss:1  | Noticed a sixfirhy
  1112 | Abyss:1  | Found a corrupted altar of Lugonu.
  1221 | Abyss:1  | Noticed a small abomination
  1232 | Abyss:1  | Slain by a small abomination

Action                   || total
-------------------------++-------
Melee: Unarmed           ||    72
       Constrict         ||    18
       Tentacles         ||    13
       Kick              ||     4
 Cast: Beastly Appendage ||     3
 Stab: Sleeping          ||     3
       Distracted        ||     2
Armor: Skin              ||     8
Dodge: Dodged            ||    41
